 Dungeon Crawl Stone Soup version 0.24-a0-487-g57318f2 (webtiles) character file.

Game seed: 8990130084231775795

154 Espgualade the Chiller (level 5, 0/28 HPs)
             Began as a Tengu Ice Elementalist on July 9, 2019.
             Killed by divine providence
             ... invoked by an orc priest
              (15 damage)
             ... on level 3 of the Dungeon.
             The game lasted 00:05:10 (1596 turns).

Espgualade the Chiller (Tengu Ice Elementalist)     Turns: 1596, Time: 00:05:12

Health: 0/28       AC:  8    Str:  9    XL:     5   Next: 36%
Magic:  0/9        EV: 13    Int: 19    God:
Gold:   180        SH:  4    Dex: 14    Spells: 2/8 levels left

rFire    . . .     SeeInvis .   e - +0 dagger
rCold    . . .     Gourm    .   (no shield)
rNeg     . . .     Faith    .   a - +0 robe
rPois    .         Spirit   .   (helmet restricted)
rElec    .         Reflect  +   (no cloak)
rCorr    .         Harm     .   (no gloves)
MR       .....                  (boots unavailable)
Stlth    ++........             i - +4 amulet of reflection
HPRegen  0.09/turn              d - +6 ring of protection
MPRegen  0.11/turn              p - +3 ring of intelligence

@: very slightly contaminated
A: beak, talons 3, able to fly
a: Fly


You were on level 3 of the Dungeon.
You were very hungry.

You visited 1 branch of the dungeon, and saw 3 of its levels.

You collected 180 gold pieces.

Inventory:

Hand Weapons
 e - a +0 dagger (weapon)
Armour
 a - a +0 robe (worn)
Jewellery
 d - a +6 ring of protection (left hand)
 h - an uncursed ring of flight
 i - a +4 amulet of reflection (around neck)
 k - an uncursed ring of protection from cold
 p - a +3 ring of intelligence (right hand)
Scrolls
 b - 2 scrolls of remove curse
 f - a scroll of teleportation
 j - 2 scrolls of immolation {unknown}
Potions
 g - a potion of curing
 l - a potion of invisibility
 n - a potion of cancellation {unknown}
Comestibles
 c - 6 rations


   Skills:
 + Level 3.2 Dodging
 - Level 2.0 Stealth
 - Level 2.0 Spellcasting
 - Level 1.3 Conjurations
 - Level 5.0 Ice Magic


You had 2 spell levels left.
You knew the following spells:

 Your Spells              Type           Power        Failure   Level  Hunger
a - Freeze                Ice            ###.         2%          1    #......
b - Throw Frost           Conj/Ice       ##....       7%          2    ###....
c - Ozocubu's Armour      Chrm/Ice       ##......     19%         3    ###....

Your spell library contained the following spells:

 Spells                   Type           Power        Failure   Level  Hunger
 Throw Icicle             Conj/Ice       ##......     41%         4    #####..
 Summon Ice Beast         Ice/Summ       ##......     52%         4    #####..


Dungeon Overview and Level Annotations

Branches:
Dungeon (3/15)

Altars:


Innate Abilities, Weirdness & Mutations

You have a beak for a mouth.
You have claws for feet.
You can fly continuously.


Message History

You hit the orc priest but do no damage.
You claw the orc priest, but do no damage.
You peck the orc priest, but do no damage.
The orc priest is moderately wounded.
You block the orc's attack. The orc priest barely misses you.
You barely miss the orc priest. You claw the orc priest.
The orc priest is moderately wounded.
You are feeling very hungry.
The orc priest closely misses you. The orc barely misses you.
You barely miss the orc priest.
The orc priest is moderately wounded.
The orc priest hits you with a +0 short sword.
The orc hits you but does no damage.
You hit the orc priest but do no damage.
Your kick misses the orc priest.
The orc priest is moderately wounded.
The orc priest calls down the wrath of Beogh upon you.
Beogh smites you!
Ouch! That really hurt!
You die...

#.###..## ##.#.........##
#.###.#.###.##......>...#
..[...........#.........#
#####.##.<###.#.#.....#.#
#.##..# #)#.#.....#.#
#.##..###.#...###...#
#.##...##.###..#....#
#.##..#.....oo...#..#
#.##.###.###@#####..#
#..##.#.## #.# #.##
#.###.## #.# #.# #.# #.#
#.# #(# ###.###.#####.#
#.# #.............# #.#
#.#......####.#####.#
#.#####..# #........# #.#
#..###..#####.#


You could see an orc priest and an orc.

Vanquished Creatures
  An orc priest (D:3)
  7 adders
  A worm (D:2)
  2 dart slugs
  2 leopard geckos
  2 orcs (D:3)
  2 giant cockroaches (D:2)
  11 goblins
  4 hobgoblins
  4 jackals (D:1)
  A quokka (D:2)
  6 bats
  4 frilled lizards
  3 kobolds
  5 rats
55 creatures vanquished.

Notes
Turn   | Place    | Note
-------+----------+-------------------------------------------
     0 | D:1      | Espgualade the Tengu Ice Elementalist began the quest for
                  | the Orb.
     0 | D:1      | Reached XP level 1. HP: 10/10 MP: 4/4
    32 | D:1      | Reached skill level 3 in Ice Magic
    36 | D:1      | Reached XP level 2. HP: 15/15 MP: 1/6
   277 | D:1      | Reached XP level 3. HP: 17/19 MP: 7/7
   556 | D:1      | Learned a level 2 spell: Throw Frost
   560 | D:1      | Learned a level 3 spell: Ozocubu's Armour
   565 | D:2      | Reached skill level 4 in Ice Magic
   881 | D:2      | Reached XP level 4. HP: 24/24 MP: 3/8
  1411 | D:3      | Reached skill level 5 in Ice Magic
  1565 | D:3      | Gained mutation: You can fly continuously. [Tengu growth]
  1565 | D:3      | Reached XP level 5. HP: 28/28 MP: 7/9
  1596 | D:3      | Killed from afar by an orc priest

Levels and vault maps discovered:
D:1:      scummos_arrival_star, layout_rooms, minmay_box_of_dots
D:2:      minmay_diamond_boxcup, layout_rooms
D:3:      kennysheep_goblin_castle, layout_loops_ring

Skill      XL: |  1  2  3  4  5 |
---------------+----------------+-----
Ice Magic      | 3 4 5 |  5.0
Dodging        | 3 |  3.2
Stealth        | |  2.0
Spellcasting   | |  2.0
Conjurations   | |  1.3

Action                   |  1- 3 |  4- 6 || total
-------------------------+-------+-------++-------
Melee: Unarmed           |    11 |       ||    11
       Peck              |    10 |     5 ||    15
       Kick              |    18 |    10 ||    28
       Dagger            |    66 |    52 ||   118
 Cast: Freeze            |    18 |    23 ||    41
       Throw Frost       |     1 |       ||     1
  Use: Scroll            |     1 |     5 ||     6
       Potion            |       |     1 ||     1
 Stab: Sleeping          |     4 |     6 ||    10
  Eat: Chunk             |       |     2 ||     2
Armor: Robe              |    44 |    20 ||    64
Dodge: Dodged            |    63 |    41 ||   104
Block: Other             |       |     6 ||     6

Table legend:
 A = Non-vault XP
 B = Vault XP
 C = Vault XP percentage of total XP
 D = Non-vault monster count
 E = Vault monster count
 F = Vault count percentage of total count
                 A         B        C        D         E       F
            +---------+---------+-------+---------+---------+-------
      Total |     177 |      44 |  19.9 |      45 |      10 |  18.2
            +---------+---------+-------+---------+---------+-------
        D:1 |      35 |       5 |  12.5 |      21 |       3 |  12.5
        D:2 |      77 |      39 |  33.6 |      18 |       7 |  28.0
        D:3 |      65 |       0 |   0.0 |       6 |       0 |   0.0
            +---------+---------+-------+---------+---------+-------
